 Dungeon Crawl Stone Soup version 0.31-b1-22-gc680215f68 (webtiles) character file.

Game seed: 6090027083285214062

36374 Arctor the Skirmisher (level 14, -8/94 HPs)
             Began as a Kobold Hexslinger on Jan 19, 2024.
             Was a High Priest of Ashenzari.
             Mangled by a torpor snail (12 damage)
             ... while petrified by a basilisk
             ... on level 4 of the Lair of Beasts.
             The game lasted 00:34:45 (16888 turns).

Arctor the Skirmisher (Kobold Hexslinger)          Turns: 16888, Time: 00:34:46

Health: -8/94      AC:  9    Str:  3    XL:     14   Next: 23%
Magic:  33/33      EV:  3    Int: 24    God:    Ashenzari [*****.]
Gold:   2034       SH:  0    Dex: 30    Spells: 9/37 levels left

rFire   . . .        V - +1 arbalest of Ashenzari's Bitterness {Fort, Melee} (curse)
rCold   . . .        (shield currently unavailable)
rNeg    + + +        o - +0 robe of Ashenzari's Comet {Harm, Bglg, Fort} (curse)
rPois   ∞            j - +2 helmet "Share My Disgust" {Bglg, Fort} (curse)
rElec   .            (no cloak)
rCorr   .            h - +0 pair of gloves of Ashenzari's Sun {Sorc, Bglg} (curse)
SInv    +            H - +2 pair of boots "Thunder Perfect Mind" {Dev, Comp} (curse)
Will    .....        x - amulet "Pangnostic Affliction" {RegenMP Str-2 Int+5, Melee, Elem} (curse)
Stlth   +++          K - ring "Prophetic Incredulity" {^Contam Fly Dex+4 SInv, Self, Bglg} (curse)
HPRegen 0.35/turn    O - ring of the Fated Seer {Int+6, Dev, Elem} (curse)
MPRegen 0.63/turn

%: harm (+30% outgoing, +20% incoming), clarity
@: petrified, weak-willed, jinxed, flying, slowed
A: small, no large weapons, nightstalker 3, agile 1, high MP 1
a: Renounce Religion, Shatter the Chains


You were on level 4 of the Lair of Beasts.
You worshipped Ashenzari.
Ashenzari was extremely pleased with you.
You visited 4 branches of the dungeon, and saw 16 of its levels.
You also visited: Sewer and Ossuary.

You collected 2034 gold pieces.

Inventory:

Hand Weapons
 a - a +1 sling
 t - the +1 hand axe "Hueterad" {freeze, Int+5}
   (You found it on level 3 of the Dungeon)

   Int+5:     It affects your intelligence (+5).
 V - the cursed +1 arbalest of Ashenzari's Bitterness (weapon) {Fort, Melee}
   (You found it on level 2 of the Lair of Beasts)

   It has a curse which improves the following skills: Fortitude: Armour and
   Shields.
   Melee Combat: Short Blades, Long Blades, Axes, Maces & Flails, Polearms,
   Staves and Unarmed Combat.
Missiles
 i - a throwing net
Armour
 c - a +0 robe
 h - the cursed +0 pair of gloves of Ashenzari's Sun (worn) {Sorc, Bglg}
   (You found it on level 2 of the Dungeon)

   It has a curse which improves the following skills: Sorcery: Conjurations and
   Alchemy.
   Beguiling: Hexes and Translocations.
 j - the cursed +2 helmet "Share My Disgust" (worn) {Bglg, Fort}
   (You found it on level 2 of the Dungeon)

   It has a curse which improves the following skills: Beguiling: Hexes and
   Translocations.
   Fortitude: Armour and Shields.
 o - the cursed +0 robe of Ashenzari's Comet (worn) {Harm, Bglg, Fort}
   (You found it on level 2 of the Dungeon)

   Harm:      It increases damage dealt and taken.
   It has a curse which improves the following skills: Beguiling: Hexes and
   Translocations.
   Fortitude: Armour and Shields.
 H - the cursed +2 pair of boots "Thunder Perfect Mind" (worn) {Dev, Comp}
   (You found it on level 7 of the Dungeon)

   It has a curse which improves the following skills: Devices: Evocations and
   Shapeshifting.
   Companions: Summonings and Necromancy.
 P - an orb of guile
Magical Staves
 L - a staff of earth
 N - a staff of conjuration
 Q - a staff of death
Jewellery
 u - a ring of ice
 x - the cursed amulet "Pangnostic Affliction" (around neck) {RegenMP Str-2 Int+5, Melee, Elem}
   (You took it off an orc priest on level 7 of the Dungeon)

   [amulet of magic regeneration]

   RegenMP:   It increases your rate of magic regeneration.
   Str-2:     It affects your strength (-2).
   Int+5:     It affects your intelligence (+5).
   It has a curse which improves the following skills: Melee Combat: Short
   Blades, Long Blades, Axes, Maces & Flails, Polearms, Staves and Unarmed
   Combat.
   Elements:  Fire Magic, Ice Magic, Air Magic and Earth Magic.
 B - an amulet of regeneration
 K - the cursed ring "Prophetic Incredulity" (left hand) {^Contam Fly Dex+4 SInv, Self, Bglg}
   (You took it off a centaur on level 7 of the Dungeon)

   [ring of see invisible]

   Dex+4:     It affects your dexterity (+4).
   SInv:      It lets you see invisible.
   Fly:       It grants you flight.
   ^Contam:   It causes magical contamination when unequipped.
   It has a curse which improves the following skills: Introspection: Fighting
   and Spellcasting.
   Beguiling: Hexes and Translocations.
 O - the cursed ring of the Fated Seer (right hand) {Int+6, Dev, Elem}
   (You found it on level 8 of the Dungeon)

   [ring of intelligence]

   Int+6:     It affects your intelligence (+6).
   It has a curse which improves the following skills: Devices: Evocations and
   Shapeshifting.
   Elements:  Fire Magic, Ice Magic, Air Magic and Earth Magic.
 R - a +6 ring of strength
 S - an amulet of guardian spirit
Wands
 r - a wand of iceblast (24)
 J - a wand of mindburst (3)
 U - a wand of flame (7)
Scrolls
 b - 5 scrolls of poison
 d - a scroll of fog
 e - a scroll of blinking
 f - a scroll of fear
 s - 2 scrolls of revelation
 y - 6 scrolls of amnesia
 D - 6 scrolls of identify
 E - 4 scrolls of teleportation
 F - 6 scrolls of noise
 G - 3 scrolls of silence
 I - 3 scrolls of torment
 T - a scroll of enchant armour
Potions
 g - 3 potions of cancellation
 k - 2 potions of mutation
 l - 4 potions of attraction
 m - 4 potions of curing
 n - 3 potions of haste
 p - 2 potions of magic
 q - 5 potions of ambrosia
 v - 4 potions of lignification
 w - 11 potions of enlightenment
 z - a potion of might
 A - 3 potions of brilliance
 C - 2 potions of resistance
Miscellaneous
 M - a sack of spiders


   Skills:
 + Level 10.9(13.0) Fighting
 + Level 13.2 Ranged Weapons
 + Level 12.0 Dodging
 + Level 10.1(12.2) Spellcasting
 + Level 10.2(15.2) Hexes
 + Level 3.4(5.3) Summonings
 - Level 7.4(10.6) Fire Magic
 - Level 2.8(4.6) Alchemy


You had 9 spell levels left.
You knew the following spells:

 Your Spells              Type           Power      Damage    Failure   Level
a - Jinxbite              Hex            100%       N/A       0%          2
b - Sigil of Binding      Hex            73%        N/A       1%          3
c - Dimensional Bullseye  Hex/Tloc       26%        N/A       1%          4
d - Passwall              Erth           16%        N/A       11%         3
e - Flame Wave            Conj/Fire      40%        2d11      4%          4
f - Martyr's Knell        Necr/Summ      28%        N/A       13%         4
g - Animate Armour        Summ/Erth      56%        N/A       13%         4
h - Olgreb's Toxic Radia  Alch           37%        N/A       6%          4

Your spell library contained the following spells:

 Spells                   Type           Power      Damage    Failure   Level
 Sting                    Conj/Alch      100%       1d9       1%          1
 Ensorcelled Hibernation  Hex/Ice        100%       N/A       1%          2
 Inner Flame              Hex/Fire       67%        N/A       1%          3
 Tukima's Dance           Hex            73%        N/A       1%          3
 Cause Fear               Hex            36%        N/A       1%          4
 Sticky Flame             Fire/Alch      51%        2d9       1%          4
 Summon Mana Viper        Hex/Summ       59%        N/A       1%          5
 Mercury Vapours          Alch/Air       52%        N/A       2%          2
 Necrotise                Necr           60%        1d7       3%          1
 Stone Arrow              Conj/Erth      32%        3d9       11%         3
 Swiftness                Air            16%        N/A       11%         3
 Vampiric Draining        Necr           15%        2d7       12%         3
 Manifold Assault         Tloc           18%        N/A       30%         4
 Summon Forest            Summ/Tloc      14%        N/A       32%         5
 Iskenderun's Mystic Bla  Conj/Tloc      17%        2d5       34%         4
 Summon Cactus Giant      Summ           20%        N/A       56%         6
 Curse of Agony           Necr           15%        N/A       71%         5
 Dispersal                Tloc           9%         N/A       99%         6
 Disjunction              Tloc           9%         N/A       100%        8
 Lehudib's Crystal Spear  Conj/Erth      8%         10d3      100%        8


Dungeon Overview and Level Annotations

Branches:
Dungeon (9/15)             Temple (0/1) D:6            Lair (4/5) D:8
 Shoals (0/4) Lair:3       Spider (0/4) Lair:3          Orc (2/2) D:9
    Elf (1/3) Orc:2         Sewer (visited)         Ossuary (visited)
  Slime: Lair:4-5

Altars:
Ashenzari
Cheibriados
Elyvilon
Fedhas
Gozag
Hepliaklqana
Makhleb
Nemelex Xobeh
Okawaru
Qazlal
Vehumet
Wu Jian
Xom
Yredelemnul

Shops:
Orc:2 (***   Elf:1 [

Annotations:
D:7 2 runed translucent doors
Lair:1 1 runed translucent door


Innate Abilities, Weirdness & Mutations

You are small and have problems with some larger weapons.
You are completely attuned to the shadows.
You are agile. (Dex +4, Str/Int -1)
You have an increased reservoir of magic. (+10% MP)


Message History

Unknown command.
Casting: Jinxbite (safe; 0% risk of failure)
Confirm with . or Enter, or press ? or * to list all spells.
You beckon more vexing sprites to accompany your attacks.
You feel your willpower being sapped. The basilisk completely misses you.
The torpor snail misses you.
You shoot a bolt. The bolt closely misses the basilisk.
A giggling sprite leaps out and makes the basilisk trip over its own talons.
The basilisk is lightly wounded.
The basilisk bites you! The basilisk misses you. The torpor snail misses you.
You shoot a bolt. The bolt barely misses the basilisk.
The basilisk misses you. The torpor snail completely misses you.
The basilisk gazes at you.
You are slowing down.
Your limbs are stiffening.
You shoot a bolt.
The bolt hits the basilisk but does no damage.
The basilisk is lightly wounded.
A giggling sprite leaps out and smacks the basilisk with its own front talon.
The basilisk is moderately wounded.
The basilisk bites you. The torpor snail bites you!!
* * * LOW HITPOINT WARNING * * *
The basilisk misses you. The torpor snail bites you!
* * * LOW HITPOINT WARNING * * *
The basilisk misses you.
You have turned to stone.
The basilisk seems less drained.
The torpor snail bites you!
* * * LOW HITPOINT WARNING * * *
The basilisk bites you but does no damage.
The basilisk gazes at you. You resist with significant effort.
The torpor snail bites you.
* * * LOW HITPOINT WARNING * * *
The basilisk gazes at you. You resist with significant effort.
The torpor snail bites you.
* * * LOW HITPOINT WARNING * * *
The basilisk gazes at you. You resist with significant effort.
The basilisk bites you but does no damage.
The torpor snail bites you!!
You die...

* #......#P## ****,**
******#P...#####****,,,,,*
*,,,.###...####.**,,,,,,,*
,,,,............,,,,,,,,**
****####.#######*,,,,,,,*
***,..♣...♣...***,,,,,,,*
**,,♣...#†..♣,,**,,,,,,,**
*,**♣♣♣#w#♣♣♣**,*,,,,,,,**
**,,♣...#@..♣,,**,,,,,,,,,
***,..♣..l♣...***,,, ,*,,,
* **#*#♣.♣#*##* *,,, ***,,
*******..,*******,** * *,*
**,*,*.~~~,*,*,*** ***
,,,,,,,~~~,,,,,,*
**,*,*,~~~,*,*,**
*******,,,****** ****#
*******,******* ,,,,.


You could see a torpor snail and a basilisk.

Vanquished Creatures
  Snorg (Orc:1)
  A hydra (Lair:4)
  A boulder beetle (D:7)
  A dancing weapon (Elf:1)
  Erica (Lair:1)
  5 orc high priests (Orc:2)
  2 deep elf knights (Elf:1)
  5 orc knights (Orc:2)
  4 deep elf zephyrmancers (Elf:1)
  4 deep elf pyromancers (Elf:1)
  An orc sorcerer (Orc:1)
  A manticore (D:7)
  2 merfolk sirens (Lair:3)
  A torpor snail (Lair:3)
  2 black mambas (Lair:4)
  A kobold blastminer (Orc:2)
  3 cane toads
  2 komodo dragons
  An unseen horror (D:7)
  Jeremiah (D:8)
  2 rime drakes
  2 merfolk (Lair:3)
  3 trolls
  A polar bear (Lair:2)
  4 blink frogs (Lair:4)
  A hornet (D:8)
  5 dream sheep (Lair:3)
  2 jumping spiders (Lair:3)
  2 shadows
  A wraith (D:7)
  4 basilisks
  A human (D:9)
  3 wyverns
  A fire elemental (Lair:1)
  2 wargs (D:9)
  Eustachio (D:5)
  2 steam dragons (D:9)
  24 yaks
  2 redbacks (Lair:3)
  2 acid dragons (D:9)
  9 water moccasins
  27 orc warriors
  8 ice beasts
  2 sky beasts
  A black bear (D:6)
  3 ogres
  3 centaurs
  10 wolves
  A phantom (D:5)
  2 kobold brigands
  7 bullfrogs
  A brain worm (Sewer)
  3 scorpions
  An electric eel (Lair:1)
  2 howler monkeys
  A bombardier beetle (D:3)
  28 orc priests
  5 hounds
  3 sleepcaps
  6 iguanas
  Natasha (twice) (D:3)
  24 orc wizards
  8 mummies (Ossuary)
  11 adders
  3 river rats (Sewer)
  2 shadow imps
  2 white imps (D:7)
  10 ribbon worms
  3 dart slugs
  77 orcs
  16 ball pythons
  13 endoplasms
  4 giant cockroaches
  10 goblins
  3 hobgoblins
  16 kobolds
  7 quokkas
  17 bats
  A frilled lizard (Sewer)
  2 gnoll zombies (Ossuary)
  3 hobgoblin zombies (Ossuary)
  A kobold zombie (Ossuary)
  2 orc zombies (Ossuary)
  6 rats
471 creatures vanquished.

Vanquished Creatures (others)
  An orc (D:9)
1 creature vanquished.

Grand Total: 472 creatures vanquished

Notes
Turn   | Place    | Note
-------+----------+-------------------------------------------
     0 | D:1      | Arctor the Kobold Hexslinger began the quest for the Orb.
     0 | D:1      | Reached XP level 1. HP: 12/12 MP: 2/2
   113 | D:1      | Reached XP level 2. HP: 16/16 MP: 3/3
   245 | D:1      | Reached skill level 3 in Ranged Weapons
   250 | D:1      | Reached XP level 3. HP: 13/20 MP: 5/5
   261 | D:1      | Learned a level 2 spell: Jinxbite
  1000 | D:2      | Reached XP level 4. HP: 26/26 MP: 6/6
  1319 | D:2      | Found a faded altar of an unknown god.
  1576 | D:2      | Identified the +0 robe of Limited Liability {Harm}
  1880 | D:3      | Noticed Natasha
  1884 | D:3      | Killed Natasha
  2042 | D:3      | Reached XP level 5. HP: 30/30 MP: 5/8
  2143 | D:3      | Learned a level 3 spell: Sigil of Binding
  2153 | D:3      | Noticed Natasha
  2158 | D:3      | Killed Natasha
  2498 | D:3      | Reached XP level 6. HP: 36/36 MP: 3/9
  2577 | D:3      | Reached skill level 4 in Ranged Weapons
  2792 | D:3      | Identified the +1 hand axe "Hueterad" {freeze, Int+5}
  3158 | D:4      | Found a sparkling altar of Nemelex Xobeh.
  3287 | D:4      | Found a sand-covered staircase.
  3353 | D:4      | Reached XP level 7. HP: 37/41 MP: 11/11
  3387 | Ossuary  | Entered an ossuary
  3420 | Ossuary  | Gained mutation: You passively map a small area around you.
                  | [potion of mutation]
  3987 | D:4      | Found an ornate altar of the Wu Jian Council.
  4206 | D:5      | Entered Level 5 of the Dungeon
  4252 | D:5      | Reached skill level 5 in Ranged Weapons
  4282 | D:5      | Found a white marble altar of Elyvilon.
  4359 | D:5      | Reached XP level 8. HP: 30/47 MP: 13/13
  4444 | D:5      | Found a blossoming altar of Fedhas.
  4520 | D:5      | Found an iron altar of Okawaru.
  4551 | D:5      | Found a broken altar of Ashenzari.
  4565 | D:5      | Became a worshipper of Ashenzari the Shackled
  4948 | D:5      | Reached skill level 5 in Dodging
  4995 | D:5      | Found a radiant altar of Vehumet.
  5161 | D:6      | Noticed Eustachio
  5189 | D:5      | Killed Eustachio
  5363 | D:6      | Found an opulent altar of Gozag.
  5456 | D:6      | Reached skill level 5 in Hexes
  5465 | D:6      | Reached skill level 6 in Ranged Weapons
  5476 | D:6      | Found a staircase to the Ecumenical Temple.
  5541 | D:6      | Found a glowing drain.
  5561 | Sewer    | Entered a sewer
  5770 | Sewer    | Reached XP level 9. HP: 52/52 MP: 15/15
  6428 | D:6      | Reached skill level 5 in Fighting
  6628 | D:6      | Found a stormy altar of Qazlal.
  6995 | D:7      | Reached skill level 7 in Ranged Weapons
  7117 | D:7      | Reached skill level 5 in Spellcasting
  7192 | D:7      | Found a runed translucent door.
  7202 | D:7      | Noticed a manticore
  7205 | D:7      | Killed a manticore
  7205 | D:7      | Identified the amulet "Gaoshra" {RegenMP Str-2 Int+5}
  7206 | D:7      | Reached skill level 5 in Fire Magic
  7208 | D:7      | Noticed a cyclops
  7209 | D:7      | Reached XP level 10. HP: 24/60 MP: 14/18
  7374 | D:7      | Reached * piety under Ashenzari
  7446 | D:7      | Identified the ring "Ymac" {^Contam Fly Dex+4 SInv}
  7612 | D:7      | Identified the +0 spear of Teterone {flame, rPois}
  7708 | D:7      | Reached ** piety under Ashenzari
  7723 | D:7      | Noticed a manticore
  7724 | D:7      | Found a runed translucent door.
  7748 | D:7      | Reached skill level 8 in Ranged Weapons
  7783 | D:7      | Identified the +3 ring mail of Vlad {rC++ Str-4}
  7974 | D:7      | Noticed an unseen horror
  7981 | D:7      | Killed an unseen horror
  8019 | D:7      | Noticed a boulder beetle
  8030 | D:7      | Killed a boulder beetle
  8389 | D:8      | Noticed a rime drake
  8397 | D:8      | Killed a rime drake
  8464 | D:8      | Lost mutation: You passively map a small area around you.
                  | [potion of mutation]
  8464 | D:8      | Gained mutation: You are agile. (Dex +4, Str/Int -1)
                  | [potion of mutation]
  8464 | D:8      | Gained mutation: You have an increased reservoir of magic.
                  | (+10% MP) [potion of mutation]
  8636 | D:8      | Noticed Jeremiah
  8646 | D:8      | Killed Jeremiah
  8647 | D:8      | Reached skill level 9 in Ranged Weapons
  8647 | D:8      | Reached XP level 11. HP: 36/67 MP: 20/22
  8797 | D:8      | Found a snail-covered altar of Cheibriados.
  8833 | D:8      | Found a staircase to the Lair.
  8966 | D:8      | Found a basalt altar of Yredelemnul.
  9086 | D:8      | Learned a level 4 spell: Dimensional Bullseye
  9090 | D:8      | Learned a level 3 spell: Passwall
  9108 | Lair:1   | Entered Level 1 of the Lair of Beasts
  9521 | Lair:1   | Noticed Erica
  9528 | Lair:1   | Killed Erica
  9661 | Lair:1   | Reached *** piety under Ashenzari
  9744 | Lair:1   | Found a runed translucent door.
 10059 | Lair:1   | Reached skill level 10 in Ranged Weapons
 10241 | Lair:1   | Reached **** piety under Ashenzari
 10870 | D:8      | Reached XP level 12. HP: 71/77 MP: 28/28
 10903 | D:9      | Learned a level 4 spell: Flame Wave
 10923 | D:9      | Found a shimmering altar of Xom.
 11062 | D:9      | Found a hazy altar of Hepliaklqana.
 11265 | D:9      | Found a staircase to the Orcish Mines.
 11693 | D:9      | Found a burning altar of Makhleb.
 11710 | D:9      | Reached ***** piety under Ashenzari
 12170 | Orc:1    | Entered Level 1 of the Orcish Mines
 12172 | Orc:1    | Paralysed by an orc sorcerer for 4 turns
 12207 | Orc:1    | Noticed Snorg
 12216 | Orc:1    | Killed Snorg
 12217 | Orc:1    | Reached skill level 10 in Dodging
 12248 | Orc:1    | Reached skill level 11 in Ranged Weapons
 12438 | Orc:2    | Entered Level 2 of the Orcish Mines
 13419 | Orc:2    | Noticed an orc high priest
 13423 | Orc:2    | Noticed an orc high priest
 13423 | Orc:2    | Noticed an orc high priest
 13427 | Orc:2    | Noticed a soul eater
 13428 | Orc:2    | Reached XP level 13. HP: 53/85 MP: 30/30
 13672 | Orc:2    | Found a staircase to the Elven Halls.
 13775 | Orc:2    | Reached skill level 12 in Ranged Weapons
 13871 | Orc:2    | Reached skill level 10 in Fighting
 13939 | Orc:2    | Found Sujexuvi's General Store.
 13940 | Orc:2    | Found Ocverph's General Store.
 13941 | Orc:2    | Found Yplejud's Antique Weapon Shoppe.
 13941 | Orc:2    | Found Esyocz Utala's General Store.
 14090 | Elf:1    | Entered Level 1 of the Elven Halls
 14103 | Elf:1    | Reached skill level 1 in Summonings
 14107 | Elf:1    | Reached skill level 1 in Alchemy
 14383 | Elf:1    | Found Maosat's Armour Emporium.
 14439 | Elf:1    | Noticed a deep elf demonologist
 15306 | Lair:2   | Noticed a seven-headed hydra
 15703 | Lair:3   | Reached skill level 10 in Hexes
 15927 | Lair:3   | Reached XP level 14. HP: 85/92 MP: 32/32
 15938 | Lair:3   | Learned a level 4 spell: Martyr's Knell
 15943 | Lair:3   | Learned a level 4 spell: Animate Armour
 15948 | Lair:3   | Learned a level 4 spell: Olgreb's Toxic Radiance
 15987 | Lair:3   | Found a staircase to the Shoals.
 16076 | Lair:3   | Reached skill level 13 in Ranged Weapons
 16082 | Lair:3   | Found a hole to the Spider Nest.
 16225 | Lair:3   | Reached skill level 10 in Spellcasting
 16887 | Lair:4   | HP: 3/94 [torpor snail (3)]
 16888 | Lair:4   | Mangled by a torpor snail

Illustrated notes

Levels and vault maps discovered:
D:1:      ncdulo_watergridlock, layout_basic, minmay_tetromino_t4
D:2:      wander_river, layout_basic, shapermc_ecumenical_altar_acropolis
D:3:      layout_loops_ring, uniq_natasha
D:4:      layout_cave_pools, kennysheep_little_box,
          nemelex_xobeh_ov_fountains_minmay, chequers_ossuary_entry_cave
D:5:      layout_basic, kennysheep_okawaru_gauntlet, amcnicky_altar_gilded,
          nicolae_elyvilon_peaceful_grove,
          mainiacjoe_overflow_concentric_impassable, fedhas_altar_1
D:6:      minmay_diamond_boxcup, layout_rooms, kennysheep_mini_moat,
          nicolae_gozag_cash_rules_everything_around_me,
          minmay_temple_entry_glass, cheibrodos_sewer_entry_bend, uniq_eustachio
D:7:      minmay_the_grid_triangle_9x9_recursive_2
          [minmay_the_grid_triangle_9x9_prize_schism,
          minmay_the_grid_triangle_9x9_flanged_cone,
          minmay_the_grid_triangle_9x9_zippers_vertical,
          minmay_the_grid_triangle_9x9_tough_junction], layout_loops_ring
D:8:      layout_cave_pools, mainiacjoe_overflow_surrounded_room,
          kennysheep_slug_shrine, hellmonk_lair_entry_icy, uniq_jeremiah
D:9:      layout_irregular_city, kennysheep_mini, mainiacjoe_overflow_catwalk,
          nicolae_overflow_crystal_walls, erik_orc_4
Lair:1:   gammafunk_indiana_jones, layout_gridlike, uniq_erica
Lair:2:   layout_roguey
Lair:3:   layout_cave_pods, elwin_shoals_entry_stream, spider_nest_entry_a
Lair:4:   nzn_winding_woodlands_three_and_one [nzn_winding_woodlands_5x15_twine,
          nzn_winding_woodlands_5x15_pool, nzn_winding_woodlands_5x15_zeroes,
          nzn_winding_woodlands_center_pierced_h], layout_cave_pods,
          minmay_hedge_maze
Orc:1:    layout_diamond_mine, serial_shops, abandoned_shop, uniq_snorg
Orc:2:    st_orc_pillars, layout_caves, statue_in_the_mist_lemuel
Elf:1:    eino_elf_arrival_sip, layout_loops_corners, serial_shops,
          nicolae_shop_just_a_little_nook, minmay_elf_sorcery,
          grunt_megastairs_3

Skill      XL: |  1  2  3  4  5  6  7  8  9 10 11 12 13 14 |
---------------+-------------------------------------------+-----
Ranged Weapons | 3 4 5 6 7 9 10 11 12 13 | 13.2
Dodging        | 3 4 5 6 8 9 10 11 12 | 12.0
Fighting       | 2 3 4 5 7 8 9 10 | 10.9
Spellcasting   | 2 3 4 5 6 7 8 9 10 | 10.1
Fire Magic     | 2 3 4 5 6 7 |  7.4
Hexes          | 4 5 7 9 10 | 10.2
Summonings     | 2 3 |  3.4
Alchemy        | 2 |  2.8

Action                     |  1- 3 |  4- 6 |  7- 9 | 10-12 | 13-15 || total
---------------------------+-------+-------+-------+-------+-------++-------
   Fire: Sling             |    42 |       |       |       |       ||    42
         Orcbow            |    40 |    97 |   328 |   536 |   150 ||  1151
         Arbalest          |       |       |       |       |   114 ||   114
   Cast: Jinxbite          |       |    20 |    17 |    48 |    25 ||   110
         Sigil of Binding  |       |       |     2 |       |       ||     2
         Passwall          |       |       |       |       |     3 ||     3
         Flame Wave        |       |       |       |       |     1 ||     1
 Invoke: Curse Item        |       |       |     1 |     7 |     1 ||     9
         Shatter the Chain |       |       |       |       |     1 ||     1
    Use: Scroll            |     1 |       |     7 |    10 |     3 ||    21
         Potion            |       |       |     5 |     3 |     2 ||    10
 Armour: Robe              |    13 |    23 |    90 |   123 |    90 ||   339
  Dodge: Dodged            |    39 |    28 |   200 |   386 |   218 ||   871
